 Dungeon Crawl Stone Soup version 0.32-a0-876-gcfddb08e57 (webtiles) character file.

Game seed: 2147845777093927576

11 GeoRichter the Caller (level 2, 0/22 HPs)
             Began as a Naga Summoner on Apr 1, 2024.
             Slain by a hobgoblin (4 damage)
             ... on level 2 of the Dungeon.
             The game lasted 00:02:08 (776 turns).

GeoRichter the Caller (Naga Summoner)                Turns: 776, Time: 00:02:09

Health: 0/22       AC:  1    Str: 10    XL:     2   Next: 29%
Magic:  2/5        EV:  8    Int: 15    God:
Gold:   86         SH:  0    Dex: 11    Spells: 2/5 levels left

rFire   . . .        c - +0 dagger
rCold   . . .        (no shield)
rNeg    . . .        a - +0 robe
rPois   +            (no helmet)
rElec   .            (no cloak)
rCorr   .            (no gloves)
SInv    +            (no barding)
Will    .....        (no amulet)
Stlth   ++           (no ring)
HPRegen 0.23/turn    (no ring)
MPRegen 0.09/turn

%: no passive effects
@: very slow
A: AC +0, large, see invisible, deformed body, poison resistance, slowness 2,
spit poison 1, naga tail 1
a: Spit Poison


You were on level 2 of the Dungeon.
You visited 1 branch of the dungeon, and saw 2 of its levels.

You collected 86 gold pieces.

Inventory:

Hand Weapons
 c - a +0 dagger (weapon)
   (You took it off a kobold on level 1 of the Dungeon)
Armour
 a - a +0 robe (worn)
Scrolls
 d - a scroll of silence {unknown}
 e - 2 scrolls of identify {unknown}
 f - a scroll of amnesia {unknown}
Potions
 b - a potion of magic


   Skills:
 - Level 1.5 Dodging
 - Level 3.0 Stealth
 + Level 2.2 Spellcasting
 * Level 4.3 Summonings


You had 2 spell levels left.
You knew the following spells:

 Your Spells              Type           Power      Damage    Failure   Level
a - Summon Small Mammal   Summ           56%        N/A       3%          1
b - Call Imp              Summ           28%        N/A       5%          2

Your spell library contained the following spells:

 Spells                   Type           Power      Damage    Failure   Level
 Call Canine Familiar     Summ           14%        N/A       11%         3
 Summon Blazeheart Golem  Fire/Summ      8%         N/A       65%         4
 Summon Lightning Spire   Summ/Air       8%         N/A       65%         4


Dungeon Overview and Level Annotations

Branches:
Dungeon (2/15) Zot: 10985

Altars:

Shops:
D:1 :


Innate Abilities, Weirdness & Mutations

Your serpentine skin is tough. (AC +0)
You have supernaturally acute eyesight. (SInv)
Armour fits poorly on your strangely shaped body.
Your system is resistant to poisons. (rPois)
You cover ground very slowly.
You can spit poison.
You have a snake-like lower body.


Message History

The ribbon worm closely misses you.
Your cerulean imp hits the ribbon worm from afar with a -3 spear.
You completely miss the ribbon worm.
The ribbon worm is severely wounded.
The hobgoblin hits you but does no damage.
Your cerulean imp barely misses the ribbon worm.
You hit the ribbon worm.
The ribbon worm is almost dead.
The ribbon worm bites you. The hobgoblin hits you.
* * * LOW HITPOINT WARNING * * *
Your cerulean imp barely misses the ribbon worm.
You hit the hobgoblin but do no damage. The hobgoblin hits you.
* * * LOW HITPOINT WARNING * * *
Your cerulean imp hits the ribbon worm with a -3 spear.
You closely miss the hobgoblin. The hobgoblin hits you.
* * * LOW HITPOINT WARNING * * *
Your cerulean imp hits the ribbon worm but does no damage.
The ribbon worm bites your cerulean imp.
You hit the hobgoblin.
The hobgoblin is moderately wounded.
The hobgoblin hits you.
* * * LOW HITPOINT WARNING * * *
Your cerulean imp completely misses the ribbon worm.
The ribbon worm bites your cerulean imp.
You hit the hobgoblin.
The hobgoblin is heavily wounded.
The hobgoblin barely misses you.
Your cerulean imp barely misses the ribbon worm.
The ribbon worm closely misses your cerulean imp.
You closely miss the hobgoblin.
The hobgoblin is heavily wounded.
Your cerulean imp hits the ribbon worm with a -3 spear.
The hobgoblin closely misses you.
You hit the hobgoblin but do no damage.
The hobgoblin is heavily wounded.
The hobgoblin barely misses you.
Your cerulean imp hits the ribbon worm but does no damage.
The ribbon worm bites your cerulean imp but does no damage.
You closely miss the hobgoblin.
The hobgoblin is heavily wounded.
The hobgoblin hits you.
* * * LOW HITPOINT WARNING * * *
Your cerulean imp barely misses the ribbon worm.
The ribbon worm closely misses your cerulean imp.
Casting: Call Imp (safe; 5% risk of failure)
Confirm with . or Enter, or press ? or * to list all spells.
A tiny devil pulls itself out of the air.
Your cerulean imp disappears in a puff of smoke!
The hobgoblin hits you.
You die...

##############
#...5.@gw..^.#
#.######ยง.#.##
#.# ..... #.#
....## #.#
...... #.#
..#.#.. #.#
..#.# . #.# ..#
# #.#


You could see a ribbon worm (unaware), a hobgoblin (ally target) and a friendly
cerulean imp (summoned).

Vanquished Creatures
  2 endoplasms (D:1)
  A hobgoblin (D:1)
3 creatures vanquished.

Vanquished Creatures (collateral kills)
  A bat (D:1)
  2 endoplasms (D:1)
  A ball python (D:1)
  A frilled lizard (D:1)
  A kobold (D:1)
  2 rats
8 creatures vanquished.

Grand Total: 11 creatures vanquished

Notes
Turn   | Place    | Note
-------+----------+-------------------------------------------
     0 | D:1      | GeoRichter the Naga Summoner began the quest for the Orb.
     0 | D:1      | Reached XP level 1. HP: 15/15 MP: 3/3
   138 | D:1      | Found a faded altar of an unknown god.
   295 | D:1      | Found Yhuep's Book Boutique.
   295 | D:1      | Noticed a walking divine tome
   295 | D:1      | Noticed a walking earthen tome
   353 | D:1      | Reached XP level 2. HP: 13/22 MP: 1/5
   709 | D:1      | Learned a level 2 spell: Call Imp
   776 | D:2      | Slain by a hobgoblin

Illustrated notes

Levels and vault maps discovered:
D:1:      shiori_shiawase, layout_basic, serial_shops, nicolae_shop_mannequins,
          shapermc_ecumenical_altar_mp_highgroup, corexii_corridor_pit
D:2:      layout_basic

Action                     || total
---------------------------++-------
  Melee: Dagger            ||    30
         Unarmed           ||     4
   Cast: Summon Small Mamm ||    11
         Call Imp          ||     2
 Armour: Robe              ||    33
  Dodge: Dodged            ||    17

Table legend: (Time is in decaauts)
 A = Elapsed time spent in this place.
 B = Non-inter-level travel time spent in this place.
 C = Inter-level travel time spent in this place.
 D = Time resting spent in this place.
 E = Time spent auto-exploring this place.
 F = Levels seen in this place.
 G = Mean time per level.
                   A        B        C        D        E       F      G
               +--------+--------+--------+--------+--------+-----+--------+
         Total |   1013 |    952 |     61 |     34 |    740 |   2 |  506.5 |
       Dungeon |   1013 |    952 |     61 |     34 |    740 |   2 |  506.5 |
               +--------+--------+--------+--------+--------+-----+--------+

Top non-repeatable levels by time:
     D:1: 930 daAuts
     D:2: 82 daAuts
